 Dungeon Sprint DCSS version 0.26-a0-665-gefeb406119 (webtiles) character file.

Game seed: 15171332004319883877

1260 jesuscristo the Cleaver (level 8, -5/86 HPs)
             Began as a Minotaur Berserker on Oct 15, 2020.
             Was an Elder of Trog.
             Slain by Sonja
             ... wielding a +1 dagger of venom
              (6 damage)
             ... in the Dungeon (Sprint I: "Red Sonja").
             The game lasted 00:03:13 (631 turns).

jesuscristo the Cleaver (Minotaur Berserker)         Turns: 631, Time: 00:03:14

Health: -5/86      AC:  2    Str: 24    XL:     8   Next: 27%
Magic:  7/7        EV: 15    Int:  4    God:    Trog [****..]
Gold:   110        SH:  5    Dex: 10    Spells: 7/7 levels left

rFire    . . .     SeeInvis .   a - +0 hand axe
rCold    . . .     Faith    .   (no shield)
rNeg     . . .     Spirit   .   b - +0 animal skin
rPois    .         Reflect  +   (helmet restricted)
rElec    .         Harm     .   (no cloak)
rCorr    .         Rampage  .   (no gloves)
MR       .....     NoTele   +   (no boots)
Stlth    +.........             k - amulet of reflection
HPRegen  0.24/turn              (no ring)
MPRegen  0.10/turn              (no ring)

@: lethally poisoned (-5 -> -123), berserk cooldown, hasted and slowed
A: retaliatory headbutt, horns 2
a: Berserk, Trog's Hand, Brothers in Arms, Renounce Religion


You were in the Dungeon.
You worshipped Trog.
Trog was greatly pleased with you.
You visited 1 branch You collected 440 gold pieces.
You spent 330 gold pieces at shops.

Inventory:

Hand Weapons
 a - a +0 hand axe (weapon)
Armour
 b - a +0 animal skin (worn)
Jewellery
 k - an amulet of reflection (around neck)
Wands
 i - a wand of flame (8)
Scrolls
 h - a scroll of blinking
Potions
 f - 2 potions of magic
 g - a potion of berserk rage
 j - 2 potions of lignification {unknown}


   Skills:
 + Level 13.4 Fighting
 + Level 14.0 Axes
 + Level 7.0 Armour
 + Level 7.2 Dodging


You had 7 spell levels left.
You didn't know any spells.
Your spell library was empty.

Dungeon Overview and Level Annotations

Branches:
Dungeon (1/1)

Altars:
Cheibriados
Dithmenos
Elyvilon
Fedhas
Gozag
Hepliaklqana
Kikubaaqudgha
Makhleb
Nemelex Xobeh
Okawaru
Qazlal
Ru
Sif Muna
Trog
Uskayaw
Vehumet
Wu Jian
Xom
Yredelemnul
Zin
The Shining One
Jiyva
Lugonu

Shops:
D =

Annotations:
D Sonja


Innate Abilities, Weirdness & Mutations

You reflexively headbutt those who attack you in melee.
You have a pair of horns on your head.


Message History

You block Sonja's attack. Sonja closely misses you.
Sonja hits you but does no damage.
Unknown command.
You closely miss Sonja.
Sonja is severely wounded.
* * * LOW HITPOINT WARNING * * *
You feel very sick.
Sonja hits you with a +1 dagger of venom.
* * * LOW HITPOINT WARNING * * *
Sonja hits you with a +1 dagger of venom.
* * * LOW HITPOINT WARNING * * *
You are more poisoned.
Sonja closely misses you.
You completely miss Sonja.
Sonja is severely wounded.
* * * LOW HITPOINT WARNING * * *
You feel very sick. Sonja barely misses you. You furiously retaliate!
You headbutt Sonja.
Sonja hits you with a +1 dagger of venom.
You die...

#..').#..').#..'..'..#)..#
#..#####'#####'#__####...+
#..####..#...#(#### #####
#..#__####.(##.#
#..#_____##'#_.+
#⌠⌠#_.∩...'..._#
####_..__##_.#'#
#_____###(#.# #######
#@###


+$K$+ #$.$# ##.## #+# You could see Sonja (strong).

Vanquished Creatures
  2 kobold demonologists (D)
  A slime creature (D)
  Sigmund (D)
  A yak (D)
  A floating eye (D)
  An ogre (D)
  A jelly (D)
  Ijyb (D)
9 creatures vanquished.

Notes
Turn   | Place    | Note
-------+----------+-------------------------------------------
     0 | D        | jesuscristo the Minotaur Berserker began the quest for the
                  | Orb.
     0 | D        | Reached XP level 1. HP: 19/19 MP: 0/0
     1 | D        | Noticed Ijyb
     9 | D        | Killed Ijyb
     9 | D        | Reached skill level 5 in Fighting
     9 | D        | Reached skill level 5 in Axes
     9 | D        | Reached XP level 2. HP: 27/30 MP: 1/1
   113 | D        | Noticed an ogre
   117 | D        | Killed an ogre
   117 | D        | Reached skill level 7 in Axes
   117 | D        | Reached XP level 3. HP: 40/40 MP: 2/2
   117 | D        | Reached XP level 4. HP: 48/48 MP: 3/3
   192 | D        | Noticed Sigmund
   197 | D        | Killed Sigmund
   197 | D        | Reached ** piety under Trog
   197 | D        | Reached skill level 10 in Fighting
   197 | D        | Reached skill level 10 in Axes
   197 | D        | Reached skill level 5 in Armour
   197 | D        | Reached skill level 5 in Dodging
   197 | D        | Reached XP level 5. HP: 58/58 MP: 4/4
   197 | D        | Reached XP level 6. HP: 66/66 MP: 5/5
   250 | D        | Found an ornate altar of the Wu Jian Council.
   250 | D        | Found a shimmering blue altar of Sif Muna.
   252 | D        | Found a radiant altar of Vehumet.
   308 | D        | Found Hanwoil's Jewellery Emporium.
   308 | D        | Found an ancient bone altar of Kikubaaqudgha.
   308 | D        | Found a hazy altar of Hepliaklqana.
   308 | D        | Found a stormy altar of Qazlal.
   308 | D        | Found a hide-covered altar of Uskayaw.
   308 | D        | Found a blossoming altar of Fedhas.
   308 | D        | Found a bloodstained altar of Trog.
   308 | D        | Found an iron altar of Okawaru.
   308 | D        | Found a basalt altar of Yredelemnul.
   308 | D        | Found a glowing golden altar of the Shining One.
   308 | D        | Found a snail-covered altar of Cheibriados.
   308 | D        | Found a sacrificial altar of Ru.
   308 | D        | Found a glowing silver altar of Zin.
   308 | D        | Found a shadowy altar of Dithmenos.
   308 | D        | Found a white marble altar of Elyvilon.
   308 | D        | Noticed a yak
   310 | D        | Killed a yak
   310 | D        | Reached skill level 11 in Axes
   355 | D        | Found an opulent altar of Gozag.
   382 | D        | Found a burning altar of Makhleb.
   382 | D        | Found a viscous altar of Jiyva.
   382 | D        | Found a shimmering altar of Xom.
   382 | D        | Found a corrupted altar of Lugonu.
   382 | D        | Noticed a slime creature
   391 | D        | Killed a slime creature
   391 | D        | Reached *** piety under Trog
   391 | D        | Reached skill level 12 in Axes
   391 | D        | Reached XP level 7. HP: 75/75 MP: 6/6
   499 | D        | Noticed a kobold demonologist
   501 | D        | Noticed a ynoxinul
   501 | D        | Noticed a kobold demonologist
   506 | D        | Noticed an orange demon
   509 | D        | Killed a kobold demonologist
   509 | D        | Reached skill level 13 in Axes
   514 | D        | Killed a kobold demonologist
   514 | D        | Reached **** piety under Trog
   514 | D        | Reached skill level 14 in Axes
   514 | D        | Reached XP level 8. HP: 86/86 MP: 7/7
   560 | D        | Found a sparkling altar of Nemelex Xobeh.
   564 | D        | Bought an uncursed amulet of reflection for 330 gold pieces
   616 | D        | Noticed Sonja
   631 | D        | HP: 1/86 [poisoned by Sonja]
   631 | D        | Slain by Sonja

Illustrated notes

Levels and vault maps discovered:
D:        dungeon_sprint_1 [red_sonja_temple_1, red_sonja_temple_small_1]

Skill      XL: |  1  2  3  4  5  6  7 |
---------------+----------------------+-----
Fighting       | 5 7 10 11 13 | 13.4
Axes           | 5 7 10 12 14 | 14.0
Armour         | 3 4 5 6 7 |  7.0
Dodging        | 3 5 6 7 |  7.2

Action                   |  1- 3 |  4- 6 |  7- 9 || total
-------------------------+-------+-------+-------++-------
Melee: Hand axe          |     9 |    14 |    21 ||    44
       Headbutt          |     4 |     5 |     2 ||    11
Invok: Berserk           |     2 |     4 |     2 ||     8
  Use: Potion            |       |       |     4 ||     4
Armor: Animal skin       |       |       |     3 ||     3
Dodge: Dodged            |     2 |     2 |    14 ||    18
Block: Other             |       |       |     2 ||     2

Table legend: (Time is in decaauts)
 A = Elapsed time spent in this place.
 B = Non-inter-level travel time spent in this place.
 C = Inter-level travel time spent in this place.
 D = Time resting spent in this place.
 E = Time spent auto-exploring this place.
 F = Levels seen in this place.
 G = Mean time per level.
                   A        B        C        D        E       F      G
               +--------+--------+--------+--------+--------+-----+--------+
         Total |    696 |    673 |     23 |    520 |      0 |   1 |  696.0 |
       Dungeon |    696 |    673 |     23 |    520 |      0 |   1 |  696.0 |
               +--------+--------+--------+--------+--------+-----+--------+

Top non-repeatable levels by time:
       D: 696 daAuts
